TOP OF THE 1ST |
University of Nebraska Cornhuskers batting - Pitching for University of Florida Gators : LHP Michel Loiseau
|
Pitching: LHP Michel Loiseau
|
|
Batting: RHB Tariq Garane
|
0-0: Called Strike 0-1: Ball 1-1: Ground out U3 (Groundball, 34, EV 91.9 MPH)
|
Batting: SHB Gary Luckwell
|
0-0: Fly out, F8 (Flyball, 8LXD, EV 91.9 MPH)
|
Batting: RHB Zion Jones
|
0-0: Ball 1-0: Foul Ball, location: 2F 1-1: Ball 2-1: Ball 3-1: Foul Ball, location: 2F 3-2: Strikes out swinging
|
Top of the 1st over - 0 runs, 0 hits, 0 errors, 0 left on base; University of Nebraska 0 - University of Florida 0 |
BOTTOM OF THE 1ST |
University of Florida Gators batting - Pitching for University of Nebraska Cornhuskers : RHP Alejandro Echevarria
|
Pitching: RHP Alejandro Echevarria
|
|
Batting: LHB Terry Bayer
|
0-0: Ground out 4-3 (Groundball, 4M, EV 84.4 MPH)
|
Batting: RHB Marco Morales
|
0-0: Ball 1-0: Swinging Strike 1-1: Ball 2-1: Fly out, F6 (Popup, 6M, EV 67.5 MPH)
|
Batting: SHB Pat Justice
|
0-0: Foul Ball, location: 2F 0-1: Foul Ball, location: 2F 0-2: Ball 1-2: Strikes out swinging
|
Bottom of the 1st over - 0 runs, 0 hits, 0 errors, 0 left on base; University of Nebraska 0 - University of Florida 0 |
TOP OF THE 2ND |
University of Nebraska Cornhuskers batting - Pitching for University of Florida Gators : LHP Michel Loiseau
|
Batting: RHB Chris Anthony
|
0-0: SINGLE (Line Drive, 4MD, EV 98.1 MPH)
|
Batting: RHB Jason Blakeley
|
0-0: Ball 1-0: Ball 2-0: DOUBLE (Groundball, 5L, EV 99.4 MPH) Chris Anthony to third
|
Batting: RHB Danny Forbes
|
0-0: Ball 1-0: Fly out, F8 (Flyball, 89D, EV 96.9 MPH) Runner from 3rd tags up, SCORES, throw by CF Jason Blakeley to third
|
Batting: RHB Aidan Collet
|
0-0: Called Strike 0-1: Ball 1-1: Ground out 5-3 (Groundball, 56, EV 87.5 MPH) Jason Blakeley scores
|
Batting: RHB Jeremy Weaver
|
0-0: Swinging Strike 0-1: Ball 1-1: Ball 2-1: Ball 3-1: Called Strike 3-2: Base on Balls
|
Batting: SHB Phil Roper
|
0-0: Called Strike Jeremy Weaver is caught stealing 2nd base 2-4
|
Top of the 2nd over - 2 runs, 2 hits, 0 errors, 0 left on base; University of Nebraska 2 - University of Florida 0 |
BOTTOM OF THE 2ND |
University of Florida Gators batting - Pitching for University of Nebraska Cornhuskers : RHP Alejandro Echevarria
|
Batting: LHB Dave Newsome
|
0-0: Called Strike 0-1: Ground out 4-3 (Groundball, 4, EV 97.5 MPH)
|
Batting: RHB Elliott Pye
|
0-0: Ground out 5-3 (Groundball, 56, EV 83.8 MPH)
|
Batting: RHB Gong-sun Law
|
0-0: Ball 1-0: Called Strike 1-1: Foul Ball, location: 2F 1-2: Ball 2-2: Foul Ball, location: 2F 2-2: Strikes out swinging
|
Bottom of the 2nd over - 0 runs, 0 hits, 0 errors, 0 left on base; University of Nebraska 2 - University of Florida 0 |
TOP OF THE 3RD |
University of Nebraska Cornhuskers batting - Pitching for University of Florida Gators : LHP Michel Loiseau
|
Batting: SHB Phil Roper
|
0-0: Foul Ball, location: 2F 0-1: Ball 1-1: Fly out, F8 (Flyball, 8LXD, EV 105.6 MPH)
|
Batting: RHB Tariq Garane
|
0-0: Ball 1-0: Reached on error, E6 (Groundball, 56, EV 109.4 MPH)
|
Batting: SHB Gary Luckwell
|
0-0: Fly out, F7 (Flyball, 78S, EV 85.6 MPH)
|
Batting: RHB Zion Jones
|
0-0: Called Strike 0-1: Ball 1-1: Called Strike 1-2: Ball 2-2: Foul Ball, location: 2F 2-2: Ground out 6-3 (Groundball, 6, EV 80.6 MPH)
|
Top of the 3rd over - 0 runs, 0 hits, 1 error, 1 left on base; University of Nebraska 2 - University of Florida 0 |
BOTTOM OF THE 3RD |
University of Florida Gators batting - Pitching for University of Nebraska Cornhuskers : RHP Alejandro Echevarria
|
Batting: LHB Jose Garcia
|
0-0: Swinging Strike 0-1: Foul Ball, location: 2F 0-2: Ball 1-2: Strikes out swinging, 2-3 out at first.
|
Batting: RHB Juan Lopez
|
0-0: Swinging Strike 0-1: Called Strike 0-2: Ground out 1-3 (Groundball, 34S, EV 75.0 MPH)
|
Batting: SHB Nathan Clement
|
0-0: Foul Ball, location: 2F 0-1: Swinging Strike 0-2: Ball 1-2: Hit by Pitch
|
Batting: LHB Terry Bayer
|
0-0: Ball 1-0: Fielders Choice at 2nd, 6-4 (Groundball, 6, EV 89.4 MPH)
|
Bottom of the 3rd over - 0 runs, 0 hits, 0 errors, 1 left on base; University of Nebraska 2 - University of Florida 0 |
TOP OF THE 4TH |
University of Nebraska Cornhuskers batting - Pitching for University of Florida Gators : LHP Michel Loiseau
|
Batting: RHB Chris Anthony
|
0-0: Ball 1-0: Foul Ball, location: 2F 1-1: Foul Ball, location: 2F 1-2: Ground out 6-3 (Groundball, 6D, EV 76.2 MPH)
|
Batting: RHB Jason Blakeley
|
0-0: Swinging Strike 0-1: Called Strike 0-2: Foul Ball, location: 2F 0-2: Ball 1-2: Foul Ball, location: 2F 1-2: Strikes out looking
|
Batting: RHB Danny Forbes
|
0-0: Ball 1-0: Ball 2-0: Ground out 5-3 (Groundball, 56, EV 85.0 MPH)
|
Top of the 4th over - 0 runs, 0 hits, 0 errors, 0 left on base; University of Nebraska 2 - University of Florida 0 |
BOTTOM OF THE 4TH |
University of Florida Gators batting - Pitching for University of Nebraska Cornhuskers : RHP Alejandro Echevarria
|
Batting: RHB Marco Morales
|
0-0: Ball 1-0: Ball 2-0: Called Strike 2-1: Fly out, F7 (Flyball, 7LD, EV 102.5 MPH)
|
Batting: SHB Pat Justice
|
0-0: Called Strike 0-1: Ball 1-1: Swinging Strike 1-2: Ball 2-2: Ground out 6-3 (Groundball, 6, EV 79.4 MPH)
|
Batting: LHB Dave Newsome
|
0-0: Ball 1-0: DOUBLE (Line Drive, 9LS, EV 96.9 MPH)
|
Batting: RHB Elliott Pye
|
0-0: Ball 1-0: Ball 2-0: SINGLE (Line Drive, 8LS, EV 98.1 MPH) Dave Newsome to third Runner from 3rd tries for Home, SAFE, throw by CF to home
|
Batting: RHB Gong-sun Law
|
0-0: Foul Ball, location: 2F 0-1: Foul Ball, location: 2F 0-2: Ball 1-2: Fielders Choice at 2nd, 5-4 (Groundball, 56, EV 92.5 MPH)
|
Bottom of the 4th over - 1 run, 2 hits, 0 errors, 1 left on base; University of Nebraska 2 - University of Florida 1 |
TOP OF THE 5TH |
University of Nebraska Cornhuskers batting - Pitching for University of Florida Gators : LHP Michel Loiseau
|
Batting: RHB Aidan Collet
|
0-0: Called Strike 0-1: Ball 1-1: Foul Ball, location: 2F 1-2: Ball 2-2: Strikes out swinging
|
Batting: RHB Jeremy Weaver
|
0-0: Ball 1-0: Ball 2-0: Swinging Strike 2-1: Ball 3-1: Swinging Strike 3-2: Foul Ball, location: 2F 3-2: Reached on error, E3 (Groundball, 34, EV 103.1 MPH)
|
Batting: SHB Phil Roper
|
0-0: Ball 1-0: Called Strike Jeremy Weaver is caught stealing 2nd base 2-4 1-1: Ball 2-1: Fly out, F8 (Line Drive, 8LS, EV 95.0 MPH)
|
Top of the 5th over - 0 runs, 0 hits, 1 error, 0 left on base; University of Nebraska 2 - University of Florida 1 |
BOTTOM OF THE 5TH |
University of Florida Gators batting - Pitching for University of Nebraska Cornhuskers : RHP Alejandro Echevarria
|
Batting: LHB Jose Garcia
|
0-0: Called Strike 0-1: Ground out 1-3 (Groundball, 15S, EV 70.0 MPH)
|
Batting: RHB Juan Lopez
|
0-0: Ball 1-0: Called Strike 1-1: Ground out 5-3 (Groundball, 5, EV 103.1 MPH)
|
Batting: SHB Nathan Clement
|
0-0: Called Strike 0-1: Ball 1-1: Called Strike 1-2: Ball 2-2: Strikes out swinging
|
Bottom of the 5th over - 0 runs, 0 hits, 0 errors, 0 left on base; University of Nebraska 2 - University of Florida 1 |
TOP OF THE 6TH |
University of Nebraska Cornhuskers batting - Pitching for University of Florida Gators : LHP Michel Loiseau
|
Batting: RHB Tariq Garane
|
0-0: Swinging Strike 0-1: Foul Ball, location: 2F 0-2: Ball 1-2: Ball 2-2: Ground out 6-3 (Groundball, 6M, EV 80.6 MPH)
|
Batting: SHB Gary Luckwell
|
0-0: Foul Ball, location: 2F 0-1: Ball 1-1: Ball 2-1: Foul Ball, location: 2F 2-2: Foul Ball, location: 2F 2-2: Ball 3-2: Reached on error, E6 (Groundball, 6, EV 103.8 MPH)
|
Pitching: RHP Roberto Santiago
|
|
Batting: RHB Zion Jones
|
0-0: Ball 1-0: Called Strike 1-1: Ball 2-1: Swinging Strike 2-2: Ball 3-2: DOUBLE (Flyball, 8RXD, EV 98.1 MPH) Gary Luckwell to third Gary Luckwell scores
|
Batting: RHB Chris Anthony
|
0-0: Foul Ball, location: 2F 0-1: Swinging Strike 0-2: Foul Ball, location: 2F 0-2: Foul Ball, location: 2F 0-2: TRIPLE (Flyball, 8RXD, EV 88.1 MPH) Zion Jones scores
|
Batting: RHB Jason Blakeley
|
0-0: Ball 1-0: Ball 2-0: Ground out 6-3 (Groundball, 6, EV 105.6 MPH) Chris Anthony scores
|
Batting: RHB Danny Forbes
|
0-0: Ground out 6-3 (Groundball, 6, EV 86.2 MPH)
|
Top of the 6th over - 3 runs, 2 hits, 1 error, 0 left on base; University of Nebraska 5 - University of Florida 1 |
BOTTOM OF THE 6TH |
University of Florida Gators batting - Pitching for University of Nebraska Cornhuskers : RHP Alejandro Echevarria
|
Batting: LHB Terry Bayer
|
0-0: Foul Ball, location: 2F 0-1: SINGLE (Groundball, 56S, EV 68.1 MPH) (infield hit)
|
Batting: RHB Marco Morales
|
0-0: Ball 1-0: Swinging Strike 1-1: Called Strike Terry Bayer is caught stealing 2nd base 2-4 1-2: Ball 2-2: Foul Ball, location: 2F 2-2: Fly out, F7 (Line Drive, 7LS, EV 87.5 MPH)
|
Batting: SHB Pat Justice
|
0-0: Ball 1-0: Called Strike 1-1: Ground out 4-3 (Groundball, 4, EV 78.8 MPH)
|
Bottom of the 6th over - 0 runs, 1 hit, 0 errors, 0 left on base; University of Nebraska 5 - University of Florida 1 |
TOP OF THE 7TH |
University of Nebraska Cornhuskers batting - Pitching for University of Florida Gators : RHP Roberto Santiago
|
Batting: RHB Aidan Collet
|
0-0: Called Strike 0-1: Foul Ball, location: 2F 0-2: Ground out 6-3 (Groundball, 6, EV 99.4 MPH)
|
Batting: RHB Jeremy Weaver
|
0-0: Ball 1-0: Called Strike 1-1: Foul Ball, location: 2F 1-2: Ball 2-2: Strikes out swinging
|
Batting: SHB Phil Roper
|
0-0: Ball 1-0: Ground out 4-3 (Groundball, 4, EV 76.9 MPH)
|
Top of the 7th over - 0 runs, 0 hits, 0 errors, 0 left on base; University of Nebraska 5 - University of Florida 1 |
BOTTOM OF THE 7TH |
University of Florida Gators batting - Pitching for University of Nebraska Cornhuskers : RHP Alejandro Echevarria
|
Batting: LHB Dave Newsome
|
0-0: Ball 1-0: Ball 2-0: Ball 3-0: Called Strike 3-1: SINGLE (Groundball, 3S, EV 71.2 MPH) (infield hit)
|
Pitching: RHP Doug Haas
|
|
Batting: RHB Elliott Pye
|
0-0: Ball 1-0: Ball 2-0: Ball Dave Newsome is caught stealing 2nd base 2-4 3-0: Base on Balls
|
Batting: RHB Gong-sun Law
|
0-0: Ball 1-0: Called Strike 1-1: Foul Ball, location: 2F 1-2: Strikes out swinging
|
Batting: LHB Jose Garcia
|
0-0: Called Strike 0-1: Called Strike 0-2: Ball 1-2: Ball 2-2: Strikes out swinging, 2-3 out at first.
|
Bottom of the 7th over - 0 runs, 1 hit, 0 errors, 1 left on base; University of Nebraska 5 - University of Florida 1 |
TOP OF THE 8TH |
University of Nebraska Cornhuskers batting - Pitching for University of Florida Gators : RHP Roberto Santiago
|
Pitching: RHP Elliot Gallagher
|
|
Batting: RHB Tariq Garane
|
0-0: Called Strike 0-1: Swinging Strike 0-2: Ball 1-2: Ball 2-2: Ball 3-2: Foul Ball, location: 2F 3-2: Strikes out looking
|
Batting: SHB Gary Luckwell
|
0-0: Called Strike 0-1: Ball 1-1: Ground out U3 (Groundball, 3L, EV 78.8 MPH)
|
Batting: RHB Zion Jones
|
0-0: Foul Ball, location: 2F 0-1: Ball 1-1: Ball 2-1: Ball 3-1: Base on Balls
|
Batting: RHB Chris Anthony
|
0-0: Ball 1-0: Ball Zion Jones is caught stealing 2nd base 2-4
|
Top of the 8th over - 0 runs, 0 hits, 0 errors, 0 left on base; University of Nebraska 5 - University of Florida 1 |
BOTTOM OF THE 8TH |
University of Florida Gators batting - Pitching for University of Nebraska Cornhuskers : RHP Doug Haas
|
Batting: RHB Juan Lopez
|
0-0: Ball 1-0: Called Strike 1-1: Foul Ball, location: 2F 1-2: Strikes out looking
|
Batting: SHB Nathan Clement
|
0-0: Swinging Strike 0-1: Swinging Strike 0-2: Foul Ball, location: 2F 0-2: Ball 1-2: Ball 2-2: Strikes out swinging
|
Batting: LHB Terry Bayer
|
0-0: Swinging Strike 0-1: Ball 1-1: Called Strike 1-2: Strikes out swinging
|
Bottom of the 8th over - 0 runs, 0 hits, 0 errors, 0 left on base; University of Nebraska 5 - University of Florida 1 |
TOP OF THE 9TH |
University of Nebraska Cornhuskers batting - Pitching for University of Florida Gators : RHP Elliot Gallagher
|
Pitching: RHP Justin Alvarado
|
|
Batting: RHB Chris Anthony
|
0-0: TRIPLE (Line Drive, 78XD, EV 103.1 MPH)
|
Batting: RHB Jason Blakeley
|
0-0: Ground out 5-3 (Groundball, 5, EV 86.2 MPH)
|
Batting: RHB Danny Forbes
|
0-0: Called Strike 0-1: Ball 1-1: Ball 2-1: Fly out, F3 (Popup, 3SF, EV 79.4 MPH)
|
Batting: RHB Aidan Collet
|
0-0: Ball 1-0: Ball 2-0: Ball 3-0: Called Strike 3-1: Swinging Strike 3-2: Fly out, F6 (Line Drive, 6, EV 66.2 MPH)
|
Top of the 9th over - 0 runs, 1 hit, 0 errors, 1 left on base; University of Nebraska 5 - University of Florida 1 |
BOTTOM OF THE 9TH |
University of Florida Gators batting - Pitching for University of Nebraska Cornhuskers : RHP Doug Haas
|
Pitching: RHP Antonino Charno
|
|
Batting: RHB Marco Morales
|
0-0: Called Strike 0-1: Ball 1-1: Ball 2-1: Foul Ball, location: 2F 2-2: Ball 3-2: Base on Balls
|
Batting: SHB Pat Justice
|
0-0: Ball 1-0: Foul Ball, location: 2F 1-1: Swinging Strike 1-2: Strikes out swinging
|
Batting: LHB Dave Newsome
|
0-0: Swinging Strike 0-1: Ball 1-1: Swinging Strike 1-2: Strikes out swinging
|
Batting: RHB Elliott Pye
|
0-0: Ground out 4-3 (Groundball, 34, EV 80.6 MPH)
|
Bottom of the 9th over - 0 runs, 0 hits, 0 errors, 1 left on base; University of Nebraska 5 - University of Florida 1 |
|